Map: [ESL] Amphion

Players

Cure

  • Race: Terran Terran
  • Spawn Location: 7:00

SHIN - Winner!

  • Race: Zerg Zerg
  • Spawn Location: 11:00

Event: ESL Spring 2024 Finals

VOD

Have the link to the VOD?

Description

Time

  • Played on: June 1, 2024, 3:24 p.m.
  • Length: 13:29

All games in this series

Show
View Real Time Build Order
Export as new Build Order

Cure Terran 

Build Orders: Reaper Expand, Hellion Banshee 

Get SALT Encoding   

  12  0:00  SCV  
  13  0:12  SCV  
  14  0:17  Supply Depot  
  14  0:24  SCV  
  15  0:39  SCV  
  15  0:40  Barracks  
  16  0:44  Refinery  
  16  0:51  SCV  
  17  1:03  SCV  
  18  1:15  SCV  
  19  1:27  Orbital Command, Reaper  
  20  1:41  Command Center  
  20  1:50  Supply Depot  
  20  1:53  SCV  
  21  1:59  Marine  
  22  2:05  SCV  
  23  2:13  Factory  
  23  2:19  SCV  
  23  2:21  Barracks Reactor  
  24  2:27  Refinery  
  24  2:31  SCV  
  25  2:44  SCV  
  26  2:53  Orbital Command  
  26  2:56  SCV  
  26  2:58  Starport  
  27  3:03  Hellion x2  
  27  3:05  Barracks Tech Lab  
  31  3:08  SCV  
  32  3:20  SCV x2  
  32  3:25  Hellion x2  
  38  3:30  Supply Depot  
  38  3:33  SCV x2  
  40  3:40  Banshee  
  40  3:41  Cloaking Field  
  43  3:45  SCV x2  
  45  3:53  Supply Depot  
  45  3:54  Marine  
  46  3:58  SCV x2  
  46  4:00  Hellion  
  46  4:01  Hellion  
  52  4:10  SCV x2  
  52  4:16  Supply Depot  
  54  4:22  Barracks Tech Lab, SCV x2  
  56  4:25  Banshee  
  59  4:32  Command Center  
  59  4:34  SCV x2  
  61  4:41  Supply Depot, Marine, Stimpack  
  62  4:46  SCV  
  62  4:47  SCV  
  62  4:52  Barracks x2  
  64  4:55  Factory Reactor  
  64  5:00  SCV x2  
  64  5:04  Supply Depot, Marine  
  67  5:09  Refinery  
  67  5:10  Refinery  
  67  5:14  SCV x2  
  67  5:17  Engineering Bay  
  67  5:19  Engineering Bay  
  67  5:20  Starport Reactor  
  69  5:22  Marine  
  69  5:26  SCV  
  69  5:27  SCV  
  72  5:36  Barracks  
  72  5:37  Barracks  
  72  5:39  SCV x2  
  74  5:50  Factory Reactor  
  74  5:51  SCV x2, Marine x3  
  74  5:52  Marine x2  
  81  5:59  Terran Infantry Weapons Level 1, Terran Infantry Armor Level 1  
  81  6:03  SCV x2, Medivac x2  
  87  6:12  Orbital Command  
  87  6:15  SCV x2  
  89  6:20  Supply Depot  
  89  6:21  Supply Depot, Marine x5  
  89  6:25  Barracks Reactor x2  
  94  6:27  SCV x2  
  94  6:28  Combat Shield  
  96  6:39  SCV x2  
  98  6:41  Marine x4  
  98  6:42  Marine  
  98  6:43  Missile Turret  
  103  6:47  Supply Depot x2  
  103  6:48  SCV  
  103  6:51  SCV  
  105  6:55  SCV  
  105  6:59  Marine x2, Armory  
  105  7:00  SCV  
  109  7:01  Marine x4  
  113  7:09  Marine x3  
  113  7:10  Medivac x2  
  117  7:16  SCV x3, Marine  
  121  7:26  Marine x6  
  121  7:27  Widow Mine x2  
  119  7:31  Missile Turret  
  119  7:34  Missile Turret  
  119  7:40  SCV x3, Factory, Medivac  
  119  7:43  Missile Turret, Medivac  
  123  7:48  Marine x6  
  129  7:54  Terran Infantry Armor Level 2, Terran Infantry Weapons Level 2  
  129  8:01  SCV x3, Marine  
  133  8:06  Supply Depot  
  133  8:09  Supply Depot, Marine x2, Widow Mine x2  
  140  8:13  Refinery  
  140  8:15  Supply Depot  
  140  8:19  Marine  
  141  8:21  Marine  
  141  8:26  Command Center  
  141  8:28  Marine x2  
  129  8:40  Marine x6  
  129  8:41  Marine  
  121  8:42  Thor, Widow Mine x2  
  121  8:45  Marine, Medivac x2  
  121  8:47  Marine  
  137  8:57  Terran Vehicle And Ship Armor Level 1  
  137  8:58  Marine x7  
  137  9:00  Refinery  
  144  9:02  Sensor Tower  
  144  9:03  Marine  
  144  9:05  Marine  
  138  9:13  Widow Mine x2, Drilling Claws  
  138  9:16  Marine x4  
  144  9:19  Barracks  
  144  9:22  Barracks  
  144  9:23  Marine x2  
  144  9:24  Marine x2, Marauder  
  150  9:27  Barracks  
  149  9:33  Thor  
  155  9:40  Marine x2  
  155  9:42  Marine x4  
  155  9:43  Marine  
  155  9:45  Marauder, Medivac x2  
  168  9:57  Marine  
  168  9:58  Marine x2  
  170  10:00  Marine  
  165  10:07  Marauder  
  165  10:10  Missile Turret  
  165  10:12  Marine x4  
  169  10:14  Barracks Tech Lab x3, Missile Turret  
  169  10:20  Terran Infantry Armor Level 3, Terran Infantry Weapons Level 3  
  169  10:25  SCV x3  
  174  10:28  Marauder  
  174  10:29  Planetary Fortress  
  174  10:34  Sensor Tower  
  174  10:39  Marauder x2  
  174  10:41  SCV x2  
  174  10:42  Marine x2  
  180  10:53  Missile Turret  
  180  10:55  Missile Turret, Sensor Tower  
  180  11:03  Marine x2  
  180  11:14  Marine, Command Center  
  180  11:15  Marine x2, Marauder  
  180  11:16  Marine, Marauder x2  
  180  11:17  Marauder  
  175  11:19  Thor  
  175  11:20  Marine x2  
  175  11:21  Marine x2  
  179  11:29  Supply Depot  
  179  11:31  Supply Depot x2  
  178  11:45  Supply Depot  
  178  11:46  Orbital Command  
  174  11:50  Marine x8  
  174  11:51  Concussive Shells  
  174  11:52  Marauder x4  
  180  12:04  Supply Depot  
  180  12:07  Marine, Widow Mine x3  
  180  12:08  Marine x2  
  189  12:11  Marine  
  189  12:12  Marine  
  189  12:14  Marauder  
  174  12:17  Marine x2  
  174  12:18  Marauder x2  
  174  12:20  Marine, Marauder  
  143  12:25  Marine  
  143  12:26  Marine x2  
  143  12:28  Widow Mine  
  143  12:29  Marine x2  
  135  12:34  Orbital Command  
  135  12:35  Marine x2, Marauder  
  123  12:38  Marine  
  123  12:39  Marauder x2  
  123  12:41  Marine  
  123  12:43  Marine x3  
  124  12:47  Marine x2  
  115  12:53  Marine x2  
  115  12:54  Widow Mine  
  115  12:55  Marine  
  115  12:57  Marauder  
  119  13:04  Marine x5, Marauder  
  119  13:05  Marine  
Show
View Real Time Build Order
Export as new Build Order

SHIN Zerg - Winner!

Build Orders: Pool First 

Get SALT Encoding   

  12  0:00  Drone  
  13  0:08  Drone  
  14  0:17  Overlord  
  14  0:35  Drone x2  
  16  0:40  Spawning Pool  
  15  0:44  Drone  
  15  0:48  Drone  
  17  1:09  Hatchery  
  16  1:12  Drone  
  16  1:16  Drone  
  18  1:27  Zergling x2, Extractor  
  18  1:30  Queen  
  20  1:34  Drone  
  21  1:40  Overlord  
  21  1:52  Drone  
  22  2:02  Drone  
  22  2:06  Queen  
  25  2:13  Drone  
  26  2:21  Drone, Queen  
  29  2:23  Drone  
  30  2:38  Hatchery  
  30  2:39  Drone  
  30  2:43  Drone  
  31  2:46  Drone  
  31  2:48  Metabolic Boost  
  32  2:53  Overlord  
  32  2:56  Drone  
  33  3:00  Drone x2  
  33  3:02  Drone  
  36  3:11  Queen  
  36  3:12  Drone  
  39  3:16  Overlord  
  39  3:17  Drone  
  40  3:22  Drone x2  
  40  3:23  Drone  
  40  3:26  Drone  
  44  3:29  Overlord  
  44  3:32  Overlord  
  44  3:35  Drone  
  44  3:36  Drone  
  44  3:40  Queen  
  48  3:46  Zergling x6  
  51  3:50  Zergling x4  
  53  3:56  Queen  
  53  3:58  Drone x2  
  58  4:02  Drone  
  58  4:03  Drone  
  58  4:07  Drone x3  
  62  4:12  Drone, Overlord  
  62  4:14  Drone x2  
  65  4:18  Queen  
  65  4:21  Drone  
  68  4:26  Drone x4  
  68  4:29  Overlord  
  72  4:32  Drone x2  
  72  4:33  Drone  
  72  4:36  Spore Crawler  
  74  4:38  Spore Crawler x2  
  74  4:41  Extractor  
  74  4:43  Lair  
  74  4:44  Drone  
  72  4:48  Drone  
  72  4:49  Drone x3  
  76  4:55  Drone  
  76  4:56  Queen, Baneling Nest  
  76  4:57  Extractor  
  77  5:00  Extractor  
  77  5:01  Zergling x6  
  77  5:02  Zergling x2  
  77  5:03  Drone  
  77  5:05  Drone  
  77  5:06  Drone  
  82  5:10  Drone x3  
  85  5:14  Drone x4  
  89  5:22  Overlord x2  
  89  5:23  Overlord x2  
  89  5:25  Extractor  
  89  5:28  Extractor  
  87  5:37  Drone x3  
  87  5:40  Hatchery  
  87  5:42  Drone x6, Overseer  
  95  5:48  Spire  
  94  5:50  Centrifugal Hooks  
  94  5:53  Zergling x4  
  96  5:58  Evolution Chamber  
  96  6:00  Zergling x6  
  96  6:02  Evolution Chamber  
  97  6:05  Drone  
  97  6:08  Zergling x12  
  103  6:18  Drone  
  103  6:19  Zergling x12  
  103  6:20  Zergling x2  
  103  6:25  Overlord x3  
  111  6:31  Zerg Melee Weapons Level 1, Zerg Ground Armor Level 1  
  109  6:41  Drone x3  
  112  6:54  Drone  
  113  7:00  Zergling x12  
  116  7:01  Baneling x6  
  116  7:02  Baneling x3  
  116  7:06  Mutalisk x8  
  130  7:14  Drone x4  
  127  7:17  Hatchery, Zergling x2  
  127  7:18  Zergling x8  
  127  7:28  Mutalisk x3  
  127  7:33  Zergling x6  
  127  7:36  Overlord  
  130  7:39  Hatchery  
  130  7:42  Zergling x2  
  130  7:44  Overlord  
  130  7:47  Overlord x3  
  130  8:02  Overlord, Mutalisk x5  
  130  8:05  Drone x4  
  142  8:06  Baneling x4  
  142  8:14  Zergling x14  
  148  8:27  Extractor  
  148  8:28  Zergling x14  
  149  8:35  Zergling x4  
  149  8:40  Drone x4  
  151  8:43  Drone x4  
  151  8:44  Drone x2  
  157  8:49  Zerg Melee Weapons Level 2, Zerg Ground Armor Level 2  
  157  8:51  Mutalisk  
  157  8:52  Mutalisk x2  
  157  8:53  Drone  
  163  8:57  Drone x3  
  163  8:59  Pneumatized Carapace  
  164  9:10  Mutalisk x3  
  164  9:12  Zergling x12  
  172  9:17  Overseer  
  172  9:18  Spore Crawler, Baneling x6  
  172  9:23  Overlord  
  171  9:24  Overseer x2  
  171  9:26  Drone x4  
  171  9:31  Zergling x14  
  181  9:40  Overlord  
  181  9:42  Drone x4  
  185  9:49  Zerg Flyer Weapons Level 1, Infestation Pit  
  185  9:51  Baneling x13  
  185  9:52  Hatchery  
  183  9:53  Zergling x6  
  184  10:02  Zergling x10  
  184  10:03  Zergling x10  
  184  10:06  Mutalisk x2  
  190  10:07  Mutalisk  
  196  10:15  Zergling x2  
  196  10:16  Baneling  
  196  10:17  Baneling x7  
  197  10:21  Overlord x2  
  197  10:28  Baneling x9  
  197  10:37  Hive  
  197  10:39  Zergling x4  
  197  10:40  Overlord  
  197  10:41  Drone x2  
  199  10:48  Zergling x8  
  199  10:50  Baneling x10  
  176  11:23  Zergling x22  
  176  11:24  Zergling x62  
  182  11:27  Baneling  
  182  11:28  Baneling x2, Zergling x2  
  182  11:32  Zergling x6  
  186  11:38  Zergling x10  
  191  11:41  Baneling x2  
  191  11:42  Baneling x35  
  191  11:44  Zergling x18  
  195  11:51  Zergling x14  
  195  11:52  Overseer x3  
  195  11:53  Overseer  
  195  11:58  Zergling x8  
  199  12:02  Zergling x2  
  200  12:13  Zergling x16  
  200  12:14  Zergling x18  
  182  12:18  Mutalisk x3  
  182  12:19  Mutalisk x2  
  182  12:22  Zergling x10  
  182  12:25  Mutalisk  
  182  12:26  Zergling x2  
  182  12:29  Mutalisk  
  177  12:31  Zergling x2  
  177  12:34  Mutalisk  
  177  12:36  Zergling x6  
  180  12:37  Zergling x4  
  180  12:38  Zergling x2  
  180  12:39  Zergling x12  
  180  12:40  Mutalisk  
  180  12:46  Queen  
  180  12:47  Zergling x2  
  180  12:50  Mutalisk x2  
  173  12:53  Zergling x22  
  173  12:57  Drone  
  182  13:05  Mutalisk x2  
  174  13:06  Zergling x16  
  174  13:10  Zergling x4  
  174  13:11  Zergling x2  
  181  13:14  Extractor  
  181  13:17  Extractor  
Tags
 
Add a new tag
Caveats
  • Supply blocks, unpowered buildings, or Contaminate may cause inaccurate times.
  • Supply counts are checked every 10 seconds.